 Dungeon Crawl Stone Soup version 0.27.1-33-g824d729ab1 (webtiles) character file.

Game seed: 8593782036611831971

319 pkoi the Ruffian (level 6, 0/51 HPs)
             Began as a Draconian Monk on Dec 13, 2021.
             Succumbed to a scorpion's poison
             ... on level 3 of the Dungeon.
             The game lasted 00:04:31 (3610 turns).

pkoi the Ruffian (Draconian Monk)                   Turns: 3610, Time: 00:04:33

Health: 0/51       AC:  8    Str: 14    XL:     6   Next: 21%
Magic:  6/6        EV: 12    Int: 18    God:
Gold:   205        SH:  0    Dex: 13    Spells: 5/5 levels left

rFire    . . .     SeeInvis .     - Unarmed
rCold    . . .     Faith    .   (no shield)
rNeg     . . .     Spirit   .   (armour unavailable)
rPois    .         Reflect  .   i - +2 hat
rElec    .         Harm     .   (no cloak)
rCorr    .         Rampage  .   (no gloves)
Will     +....                  (no boots)
Stlth    ++........             (no amulet)
HPRegen  0.17/turn              f - ring of willpower
MPRegen  0.10/turn              k - +6 ring of intelligence

@: lethally poisoned (0 -> -9), about to teleport, very slightly contaminated,
invisible
A: AC +6, unfitting armour, cold-blooded
a: no special abilities


You were on level 3 of the Dungeon.
You visited 1 branch of the dungeon, and saw 4 of its levels.

You collected 205 gold pieces.

Inventory:

Hand Weapons
 e - a +3 dagger of speed
Missiles
 h - 20 poisoned darts (quivered)
Armour
 i - a +2 hat (worn)
Jewellery
 f - a ring of willpower (left hand)
 k - a +6 ring of intelligence (right hand)
Scrolls
 a - 2 scrolls of teleportation
 c - a scroll of magic mapping
 d - 2 scrolls of identify


   Skills:
 - Level 3.2 Fighting
 - Level 2.6 Dodging
 - Level 1.7 Stealth
 + Level 7.1 Unarmed Combat


You had 5 spell levels left.
You didn't know any spells.
Your spell library contained the following spells:

 Spells                   Type           Power      Damage    Failure   Level
 Freeze                   Ice            0%         1d3       22%         1
 Frozen Ramparts          Ice            0%         1d2       54%         3
 Hailstorm                Conj/Ice       0%         3d3       91%         4


Dungeon Overview and Level Annotations

Branches:
Dungeon (4/15)
 Temple: D:4-7

Altars:
Ashenzari

Shops:
D:4 :


Innate Abilities, Weirdness & Mutations

Your plain brown scales are hard. (AC +6)
You cannot fit into any form of body armour.
You are cold-blooded and may be slowed by cold attacks.


Message History

The scorpion is severely wounded.
You feel sick. The howler monkey closely misses you. The scorpion misses you.
You hit the scorpion but do no damage. You tail-slap the scorpion.
The scorpion is almost dead.
You feel sick. The howler monkey closely misses you.
The scorpion barely misses you.
You hit the scorpion.
The scorpion is almost dead.
You feel sick.
The howler monkey hits you but does no damage.
The scorpion stings you.
* * * LOW HITPOINT WARNING * * *
You are lethally poisoned!
The scorpion poisons you!
You barely miss the scorpion.
Your tail-slap misses the scorpion.
The scorpion is almost dead.
* * * LOW HITPOINT WARNING * * *
You feel very sick. The howler monkey hits you.
* * * LOW HITPOINT WARNING * * *
The scorpion barely misses you.
You hit the scorpion but do no damage.
The scorpion is almost dead.
* * * LOW HITPOINT WARNING * * *
You feel very sick.
The howler monkey hoots and howls with incredible vigour!
The scorpion stings you but does no damage.
Unknown command.
Unknown command.
You fade into invisibility!
* * * LOW HITPOINT WARNING * * *
You feel sick.
The howler monkey hits you but does no damage.
The scorpion misses you.
You are very lightly contaminated with residual magic.
Okay, then.
You aren't carrying any potions.
As you read the scroll of teleportation, it crumbles to dust.
You feel strangely unstable.
You die...

######## #.............##.#
# ##..........#####.# #
#....(#.##.######.###
#..#.##.#..#.........
#..#.##...##.........
##.##.##..###.........
###.....#...# #.........
#.....###...#######.....
##.#...s@ho.##.#...#.....
##.....#####....#...####..
#.....######..###...#.....
###...# #.)...#.#...#####.
##..# #.......#...# #..
#####..###...#####...# #..
#............# #...# #..
#........##########.#######
#........'.......##.##.....


You could see a scorpion, a howler monkey (catching breath) and an orc.

Vanquished Creatures
  A steam dragon (D:4)
  An orc priest (D:3)
  An orc wizard (D:3)
  5 adders
  A worm (D:3)
  A dart slug (D:3)
  8 orcs
  3 ball pythons
  11 endoplasms
  3 giant cockroaches
  6 goblins
  4 hobgoblins
  3 jackals (D:1)
  2 quokkas (D:2)
  8 bats
  7 frilled lizards
  9 kobolds
  4 rats
78 creatures vanquished.

Notes
Turn   | Place    | Note
-------+----------+-------------------------------------------
     0 | D:1      | pkoi the Draconian Monk began the quest for the Orb.
     0 | D:1      | Reached XP level 1. HP: 19/19 MP: 1/1
   167 | D:1      | Reached XP level 2. HP: 23/26 MP: 2/2
   510 | D:1      | Reached skill level 4 in Unarmed Combat
   646 | D:1      | Reached XP level 3. HP: 26/31 MP: 3/3
   960 | D:2      | Found a faded altar of an unknown god.
  1858 | D:3      | Reached XP level 4. HP: 27/38 MP: 4/4
  1958 | D:3      | Reached skill level 5 in Unarmed Combat
  2439 | D:3      | Reached skill level 6 in Unarmed Combat
  2439 | D:3      | Reached XP level 5. HP: 32/45 MP: 5/5
  2791 | D:4      | Found Buabavvoitt's Book Shoppe.
  2835 | D:4      | Found a broken altar of Ashenzari.
  2849 | D:4      | Noticed a steam dragon
  2867 | D:4      | Killed a steam dragon
  2868 | D:4      | Reached XP level 6. HP: 22/51 MP: 6/6
  2883 | D:4      | Reached skill level 7 in Unarmed Combat
  3184 | D:4      | Noticed an ice beast
  3609 | D:3      | HP: 1/51 [poisoned by a scorpion]
  3610 | D:3      | Succumbed to a scorpion's poison

Illustrated notes

Levels and vault maps discovered:
D:1:      psy_arrival_basics, layout_loops_cross
D:2:      layout_rooms, ebering_ecumenical_altar_sacrificial,
          hangedman_feature_mirror, chequers_serial_rivers_small_3
D:3:      layout_rooms, minivault_23, st_stairs_9, kennysheep_cross_bottleneck,
          minmay_door_square
D:4:      layout_cave_pods, nicolae_ashenzari_panopticon, serial_shops,
          nicolae_stop_n_shop_2

Skill      XL: |  1  2  3  4  5  6 |
---------------+-------------------+-----
Unarmed Combat | 4 6 7 |  7.1
Fighting       | |  3.2
Dodging        | |  2.6
Stealth        | |  1.7

Action                   |  1- 3 |  4- 6 || total
-------------------------+-------+-------++-------
Melee: Unarmed           |   132 |   158 ||   290
       Tailslap          |    19 |    20 ||    39
       Punch             |     2 |     2 ||     4
  Use: Scroll            |       |     9 ||     9
       Potion            |       |     2 ||     2
 Stab: Sleeping          |     5 |     2 ||     7
Armor: Skin              |    49 |    75 ||   124
Dodge: Dodged            |    92 |   100 ||   192
